 Dungeon Crawl Stone Soup version 0.28-a0-657-g71136c5590 (webtiles) character file.

Game seed: 2852211474694359082

459 rogsnak the Digger (level 6, -2/50 HPs)
             Began as a Draconian Earth Elementalist on Oct 14, 2021.
             Killed by divine providence
             ... invoked by an orc priest
              (12 damage)
             ... on level 4 of the Dungeon.
             The game lasted 00:08:10 (3794 turns).

rogsnak the Digger (Draconian Earth Elementalist)   Turns: 3794, Time: 00:08:10

Health: -2/50      AC:  7    Str: 10    XL:     6   Next: 78%
Magic:  10/10      EV: 13    Int: 17    God:
Gold:   192        SH:  0    Dex: 12    Spells: 7/11 levels left

rFire   + . .      SeeInvis .   l - +1 short sword (drain)
rCold   . . .      Faith    .   (no shield)
rNeg    . . .      Spirit   .   (armour unavailable)
rPois   .          Reflect  .   (helmet restricted)
rElec   .          Harm     .   (no cloak)
rCorr   .          Rampage  .   d - +0 pair of gloves
Will    +....                   (no boots)
Stlth   ++........              o - amulet of magic regeneration
HPRegen 0.16/turn               e - ring of willpower
MPRegen 0.37/turn               t - ring of protection from fire

@: no status effects
A: AC +6, unfitting armour, cold-blooded
a: no special abilities


You were on level 4 of the Dungeon.
You visited 2 branches of the dungeon, and saw 5 of its levels.

You collected 192 gold pieces.

Inventory:

Hand Weapons
 c - a +0 dagger
 g - a +0 short sword
 h - a +0 mace
 l - a +1 short sword of draining (weapon)
Missiles
 b - 111 stones
Armour
 d - a +0 pair of gloves (worn)
Jewellery
 e - a ring of willpower (left hand)
 o - an amulet of magic regeneration (around neck)
 t - a ring of protection from fire (right hand)
Scrolls
 a - 2 scrolls of noise {unknown}
 f - a scroll of teleportation {unknown}
 i - a scroll of magic mapping {unknown}
 k - 2 scrolls of vulnerability {unknown}
 n - a scroll of amnesia {unknown}
 q - a scroll of identify {unknown}
Potions
 j - a potion of cancellation {unknown}
 m - a potion of curing {unknown}
 p - a potion of berserk rage {unknown}
 r - a potion of ambrosia {unknown}
 s - a potion of flight {unknown}


   Skills:
 + Level 2.5 Fighting
 + Level 3.8 Dodging
 - Level 2.0 Stealth
 + Level 3.0 Spellcasting
 * Level 2.4 Conjurations
 - Level 1.0 Transmutations
 + Level 4.7 Earth Magic


You had 7 spell levels left.
You knew the following spells:

 Your Spells              Type           Power      Damage    Failure   Level
a - Sandblast             Erth           36%        2d10      2%          1
b - Stone Arrow           Conj/Erth      28%        3d8       12%         3

Your spell library contained the following spells:

 Spells                   Type           Power      Damage    Failure   Level
 Passwall                 Tmut/Erth      10%        N/A       9%          2
 Corpse Rot               Necr/Air       N/A        N/A       26%         2
 Poisonous Vapours        Pois/Air       4%         N/A       26%         2
 Gell's Gravitas          Tloc           1%         N/A       45%         3
 Lesser Beckoning         Tloc           2%         N/A       45%         3
 Teleport Other           Tloc           2%         N/A       45%         3
 Petrify                  Tmut/Erth      12%        N/A       47%         4


Dungeon Overview and Level Annotations

Branches:
Dungeon (4/15)             Temple (1/1) D:4

Altars:
Cheibriados
Elyvilon
Fedhas
Gozag
Kikubaaqudgha
Makhleb
Nemelex Xobeh
Qazlal
Ru
Uskayaw
Vehumet
Xom
Yredelemnul
Zin
The Shining One

Shops:
D:2 (


Innate Abilities, Weirdness & Mutations

Your plain brown scales are hard. (AC +6)
You cannot fit into any form of body armour.
You are cold-blooded and may be slowed by cold attacks.


Message History

You hit the orc.
The orc is heavily wounded.
You feel very sick. The orc hits you with a +0 club. The orc barely misses you.
You feel sick.
You hit the orc but do no damage.
You tail-slap the orc, but do no damage.
The orc is heavily wounded.
You feel sick. The orc hits you with a +0 club.
You hit the orc.
You kill the orc!
You feel sick. The orc closely misses you.
You hit the orc.
You kill the orc!
You feel sick.
You hit the orc.
You kill the orc!
You feel sick. The orc priest hits you with a +0 mace.
You hit the orc priest.
The orc priest is lightly wounded.
You feel sick. The orc priest barely misses you.
You hit the orc priest but do no damage.
The orc priest is lightly wounded.
You feel sick.
The orc priest invokes the aid of Beogh against you.
Beogh smites you! The orc priest hits you with a +0 mace.
* * * LOW HITPOINT WARNING * * *
You hit the orc priest.
The orc priest is heavily wounded.
You feel sick.
You are no longer poisoned.
The orc priest closely misses you.
You hit the orc priest. You drain the orc priest.
The orc priest is almost dead.
The orc priest miscasts a cantrip.
You closely miss the orc priest.
The orc priest is almost dead.
The orc priest invokes the aid of Beogh against you.
Beogh smites you!
You die...

#........# #....# ..#
#........# ##....# ...
#..[...รท.###.....###.##
.............#........#
#########.............#
#....#.#......#
#...#.#.#.....#
#..#.#.#.#....#
#...#@>.#.....#
####..#)#o#.#....# #
.......#.#.#.....#
.#####...#.#...#### #
... #.........#
##.##.####o.........
........o............
.#.#...#............
#...#.#........##...


You could see an orc priest (drained).

Vanquished Creatures
  Sigmund (D:2)
  A phantom (D:4)
  2 hounds (D:3)
  An iguana (D:4)
  Robin (D:2)
  3 adders (D:2)
  3 worms (D:2)
  An adder skeleton (D:4)
  A dart slug (D:1)
  3 orcs (D:4)
  6 ball pythons
  4 bats
  7 giant cockroaches
  16 goblins
  6 hobgoblins
  11 jackals
  3 kobolds
  A quokka (D:1)
  5 frilled lizards
  10 rats
86 creatures vanquished.

Notes
Turn   | Place    | Note
-------+----------+-------------------------------------------
     0 | D:1      | rogsnak the Draconian Earth Elementalist began the quest
                  | for the Orb.
     0 | D:1      | Reached XP level 1. HP: 14/14 MP: 3/3
   581 | D:1      | Reached XP level 2. HP: 6/20 MP: 5/5
  1517 | D:2      | Reached XP level 3. HP: 19/27 MP: 2/6
  1753 | D:2      | Reached skill level 4 in Earth Magic
  1823 | D:2      | Found Zoufu's Antique Weapon Emporium.
  1936 | D:2      | Reached skill level 1 in Fighting
  2004 | D:2      | Noticed Sigmund
  2010 | D:2      | Learned a level 3 spell: Stone Arrow
  2031 | D:2      | Killed Sigmund
  2032 | D:2      | Reached skill level 1 in Conjurations
  2032 | D:2      | Reached XP level 4. HP: 25/36 MP: 5/8
  2032 | D:2      | Reached XP level 5. HP: 29/41 MP: 5/9
  2262 | D:2      | Noticed Robin
  2362 | D:2      | Killed Robin
  2526 | D:2      | Reached XP level 6. HP: 47/48 MP: 10/10
  3501 | D:4      | Found a staircase to the Ecumenical Temple.
  3501 | D:4      | Identified the +1 robe "Wafod" {rN++ Int+4}
  3518 | Temple   | Entered the Ecumenical Temple
  3794 | D:4      | Killed from afar by an orc priest

Illustrated notes

Levels and vault maps discovered:
D:1:      dpeg_arrival_prison, layout_rooms, kennysheep_pointless_box
D:2:      layout_loops_cross, serial_shops, nicolae_shop_behind_doors,
          uniq_sigmund, uniq_robin
D:3:      layout_basic, minmay_fractal_squares_diagonal_5
D:4:      mumra_celtic_spiral_tile, layout_basic, minmay_temple_entry_grid,
          ebering_ghost_reflecting_pool, minmay_splitting_lines,
          item_on_display_a
Temple:   regret_index_temple_generic_petals

Skill      XL: |  1  2  3  4  5  6 |
---------------+-------------------+-----
Dodging        | 3 |  3.8
Earth Magic    | 4 |  4.7
Stealth        | 2 |  2.0
Fighting       | 1 2 |  2.5
Conjurations   | 1 2 |  2.4
Spellcasting   | 3 |  3.0
Transmutations | |  1.0

Action                   |  1- 3 |  4- 6 || total
-------------------------+-------+-------++-------
Melee: Unarmed           |    30 |       ||    30
       Dagger            |    71 |       ||    71
       Tailslap          |    16 |    12 ||    28
       Short sword       |    27 |   144 ||   171
       Mace              |    17 |       ||    17
 Cast: Sandblast         |     6 |     7 ||    13
       Stone Arrow       |       |     2 ||     2
 Stab: Sleeping          |       |     1 ||     1
Armor: Skin              |    53 |    49 ||   102
Dodge: Dodged            |   104 |    94 ||   198

Table legend: (Time is in decaauts)
 A = Elapsed time spent in this place.
 B = Non-inter-level travel time spent in this place.
 C = Inter-level travel time spent in this place.
 D = Time resting spent in this place.
 E = Time spent auto-exploring this place.
 F = Levels seen in this place.
 G = Mean time per level.
                   A        B        C        D        E       F      G
               +--------+--------+--------+--------+--------+-----+--------+
         Total |   3815 |   3716 |     99 |    713 |   1983 |   5 |  763.0 |
       Dungeon |   3583 |   3484 |     99 |    713 |   1782 |   4 |  895.8 |
        Temple |    231 |    231 |      0 |      0 |    201 |   1 |  231.0 |
               +--------+--------+--------+--------+--------+-----+--------+

Top non-repeatable levels by time:
     D:1: 1502 daAuts
     D:2: 1210 daAuts
     D:3: 657 daAuts
  Temple: 231 daAuts
     D:4: 213 daAuts
